 Dungeon Crawl Stone Soup version 0.29.1-4-g47bece8355 (webtiles) character file.

Game seed: 16312002495686372531

63587 xSliceyx the Fighter (level 15, -6/184 (189) HPs)
             Began as a Formicid Abyssal Knight on Dec 8, 2022.
             Was the Champion of Lugonu.
             Killed from afar by Jorgrun (46 damage)
             ... with an iron shot
             ... on level 13 of the Dungeon on Dec 9, 2022.
             The game lasted 01:42:23 (22913 turns).

xSliceyx the Fighter (Formicid Abyssal Knight)     Turns: 22913, Time: 01:42:24

HP:   -6/184 (189)  AC: 27    Str: 31    XL:     15   Next: 50%
MP:   24/24         EV:  2    Int: 11    God:    Lugonu [******]
Gold: 1013          SH:  9    Dex: 14    Spells: 14/14 levels left

rFire   + . .      SeeInvis .   B - +9 great sword of Akaime {vorpal, rC- rN+ Str+7}
rCold   . . .      Faith    .   N - +0 kite shield {rC+}
rNeg    + + .      Spirit   .   (body armour currently unavailable)
rPois   +          Reflect  .   (helmet unavailable)
rElec   .          Harm     .   (cloak currently unavailable)
rCorr   +          Rampage  .   (gloves currently unavailable)
Will    +....                   (boots currently unavailable)
Stlth   +.........              t - amulet of regeneration
HPRegen 1.20/turn               y - ring of protection from fire
MPRegen 0.19/turn               R - ring of Xiera {rN+ rCorr}

@: tree-form, studying Ice Magic, lightly drained
A: stationary, stasis, torment immunity, boosted hp, permanent stasis, dig
shafts and tunnels, (antennae 3), four strong arms
a: Renounce Religion, Depart the Abyss, Bend Space, Banish, Corrupt, Enter the
Abyss, Brand Weapon With Distortion


You were on level 13 of the Dungeon.
You worshipped Lugonu.
Lugonu was exalted by your worship.
You were a tree.
You visited 3 branches of the dungeon, and saw 20 of its levels.
You visited the Abyss 1 time.
You also visited: Bailey and Ice Cave.

You collected 2009 gold pieces.
You spent 996 gold pieces at shops.

Inventory:

Hand Weapons
 c - the +7 hand axe "Beastbane" {vamp, rElec}
   (You found it in an ice cave)

   It occasionally heals its wielder for a portion of the damage dealt when it
   wounds a living foe.
   rElec:     It insulates you from electricity.
 l - the +10 scimitar of the Old World {vorpal, rF- rC+ Str+3 Int+3}
   (You bought it in a shop on level 2 of the Orcish Mines)

   It inflicts extra damage upon your enemies.
   Str:       It affects your strength (+3).
   Int:       It affects your intelligence (+3).
   rF:        It makes you vulnerable to fire.
   rC:        It protects you from cold.
 p - the +7 trident of Taig {vorpal, rF+ Dex+2 SInv}
   (You found it on level 6 of the Dungeon)

   It inflicts extra damage upon your enemies.
   Dex:       It affects your dexterity (+2).
   rF:        It protects you from fire.
   SInv:      It lets you see invisible.
 B - the +9 great sword of Akaime (weapon) {vorpal, rC- rN+ Str+7}
   (You found it in a bailey)

   It inflicts extra damage upon your enemies.
   Str:       It affects your strength (+7).
   rC:        It makes you vulnerable to cold.
   rN:        It protects you from negative energy.
 C - a +1 scimitar of flaming
Missiles
 k - a throwing net
 D - 3 curare-tipped darts
 O - 7 poisoned darts (quivered)
Armour
 j - the +2 scale mail of Midwinter {rN+ Regen+ Str+3}
   (You bought it in a shop on level 2 of the Orcish Mines)

   Str:       It affects your strength (+3).
   rN:        It protects you from negative energy.
   Regen:     It increases your rate of health regeneration.
 I - a +0 cloak (melded)
 M - a +4 plate armour of cold resistance (melded)
 N - a +0 kite shield of cold resistance (worn)
 Q - the +1 pair of boots of Wisoejew (melded) {Drain rPois Dex+7 SInv}
   (You found it in a bailey)

   Dex:       It affects your dexterity (+7).
   rPois:     It protects you from poison.
   SInv:      It lets you see invisible.
   Drain:     It drains your maximum health when unequipped.
Jewellery
 t - an amulet of regeneration (around neck)
 y - a ring of protection from fire (left branch)
 R - the ring of Xiera (right branch) {rN+ rCorr}
   (You found it on level 8 of the Dungeon)

   [ring of positive energy]

   rN:        It protects you from negative energy.
   rCorr:     It protects you from acid and corrosion.
Wands
 w - a wand of iceblast (21)
 A - a wand of flame (23)
 J - a wand of acid (1)
 L - a wand of charming (6)
 P - a wand of polymorph (13)
Scrolls
 d - 4 scrolls of poison
 g - 2 scrolls of identify
 h - 6 scrolls of fog
 i - 2 scrolls of silence
 s - 3 scrolls of fear
 v - a scroll of magic mapping
 z - a scroll of summoning
 Z - 2 scrolls of amnesia
Potions
 a - 3 potions of flight
 b - 3 potions of curing
 e - 2 potions of berserk rage {unknown}
 f - 4 potions of ambrosia
 n - 2 potions of lignification
 E - 2 potions of invisibility {unknown}
 F - a potion of attraction {unknown}
 H - 2 potions of mutation {unknown}
 K - 3 potions of might {unknown}
 T - 2 potions of resistance
 U - a potion of cancellation {unknown}
 V - a potion of magic {unknown}
 W - 4 potions of heal wounds {unknown}


   Skills:
 - Level 14.1 Fighting
 + Level 14.1 Long Blades
 - Level 4.0 Polearms
 - Level 14.0 Armour
 - Level 0.8 Dodging
 - Level 5.0 Shields
 - Level 12.0 Invocations
 + Level 8.8 Evocations


You had 14 spell levels left.
You didn't know any spells.
Your spell library contained the following spells:

 Spells                   Type           Power      Damage    Failure   Level
 Sting                    Tmut/Pois      0%         1d3       61%         1
 Ensorcelled Hibernation  Hex/Ice        0%         N/A       75%         2
 Passwall                 Tmut/Erth      0%         N/A       75%         2
 Poisonous Vapours        Pois/Air       0%         N/A       75%         2
 Dazzling Flash           Conj/Hex       0%         N/A       93%         3
 Gell's Gravitas          Tloc           0%         N/A       93%         3
 Ignite Poison            Fire/Tmut/Pois 0%         N/A       93%         3
 Mephitic Cloud           Conj/Pois/Air  0%         N/A       93%         3
 Teleport Other           Tloc           0%         N/A       93%         3
 Animate Dead             Necr           0%         N/A       100%        4
 Corpse Rot               Necr/Pois/Air  0%         N/A       100%        4
 Hailstorm                Conj/Ice       0%         3d3       100%        4
 Ice Form                 Ice/Tmut       0%         N/A       100%        4
 Iskenderun's Mystic Bla  Conj/Tloc      0%         2d3       100%        4
 Olgreb's Toxic Radiance  Pois           0%         N/A       100%        4
 Borgnjor's Vile Clutch   Necr/Erth      0%         N/A       100%        5
 Freezing Cloud           Conj/Ice/Air   0%         6-21      100%        5
 Death Channel            Necr           0%         N/A       100%        6
 Dispersal                Tloc           0%         N/A       100%        6
 Simulacrum               Ice/Necr       0%         N/A       100%        6
 Starburst                Conj/Fire      0%         6d3       100%        6
 Swiftness                Air            Unusable   N/A       N/A         3

Dungeon Overview and Level Annotations

Branches:
Dungeon (13/15)            Temple (0/1) D:6            Lair (5/5) D:10
 Shoals (0/4) Lair:3       Spider (0/4) Lair:2        Slime (0/5) Lair:4
    Orc (2/2) D:11            Elf (0/3) Orc:2        Bailey (visited)
  IceCv (visited)
 Vaults: D:13-14

Altars:
Fedhas
Gozag
Makhleb
Nemelex Xobeh
Uskayaw
Vehumet
Xom
The Shining One
Jiyva

Shops:
D:4 (   D:6 *   D:7 ?   Orc:2 ?:[*

Annotations:
D:8 corrupted
D:12 corrupted
D:13 Jorgrun
Lair:1 corrupted
Orc:2 corrupted
Abyss:1 Lodul


Innate Abilities, Weirdness & Mutations

You are a tree.
Your roots penetrate the ground, keeping you stationary.
You cannot be teleported.
You are immune to unholy pain and torment.
Your maximum health is greatly increased.
Your equipment is partially melded.
You cannot be hasted, slowed, berserked, paralysed or teleported.
You can dig through walls and to a lower floor.
((You have a pair of large antennae on your head. (SInv)))
Your four strong arms can wield two-handed weapons with a shield.


Message History

Jorgrun is lightly wounded.
The hog bites you. Jorgrun hits you with a staff of earth!
* * * LOW HITPOINT WARNING * * *
The hog bites you but does no damage.
Unknown command.
You slash Jorgrun!
Jorgrun is moderately wounded.
Jorgrun hits you but does no damage. You block the hog's attack.
You completely miss Jorgrun.
Jorgrun is moderately wounded.
You block the hog's attack. You block Jorgrun's attack.
The hog bites you but does no damage. Jorgrun casts a spell at you.
You resist with some effort.
You slice Jorgrun!!
Jorgrun is heavily wounded.
The hog bites you but does no damage.
Jorgrun points next to you and mumbles some strange words.
The wall shatters!
The blast of rock fragments hits you but does no damage.
Aiming: Corrosive Bolt
Press: ? - help, Q - select action, (/) - cycle Shift-Dir - straight line, f - Jorgrun
Aim: Jorgrun, wielding a staff of earth and wearing a +0 robe of resistance (heavily wounded, 57% to hit)
The bolt of acid hits Jorgrun!!
The acid corrodes Jorgrun!
Jorgrun is severely wounded.
The hog bites you but does no damage. Jorgrun barely misses you.
Unknown command.
You hit Jorgrun.
Jorgrun is severely wounded.
The hog bites you but does no damage. You block the hog's attack.
Jorgrun hits you with a staff of earth.
* * * LOW HITPOINT WARNING * * *
Unknown command.
You slice Jorgrun!!
Jorgrun is almost dead.
The hog bites you!
* * * LOW HITPOINT WARNING * * *
Jorgrun gestures at you while chanting. The iron shot hits you!!!
You die...

. #. ##.########
#......♣=.# #
#....)gh..# .#
#.........#.#
#..........#
.#....[....##
.<.........############
.....................<#
........###############
.......##


You could see Jorgrun (corroded) and a hog.

Vanquished Creatures
  An orc warlord (Orc:1)
  A dire elephant (Lair:5)
  Harold (D:9)
  2 catoblepae
  2 hydras
  3 two-headed ogres
  A deep troll shaman (Lair:5)
  A tengu warrior (D:9)
  6 death yaks
  2 orc high priests (Orc:2)
  Urug (Lair:4)
  Sonja (Lair:4)
  An orc knight (Orc:2)
  A deep elf pyromancer (D:12)
  Pikel (D:6)
  4 orc sorcerers
  2 ugly things
  5 cyclopes
  A torpor snail (Lair:3)
  3 black mambas
  An ice statue (IceCv)
  A merfolk siren (Lair:3)
  17 elephants
  Maggie (D:8)
  6 komodo dragons
  2 unseen horrors
  7 cane toads
  7 rime drakes
  A kobold demonologist (D:13)
  7 trolls
  A hornet (D:6)
  8 polar bears
  6 blink frogs (Lair:5)
  2 jumping spiders (Lair:2)
  4 wyverns
  54 yaks
  3 vampires (D:11)
  2 basilisks
  A wraith (D:11)
  2 steam dragons
  Grum (D:8)
  Menkaure (D:5)
  3 wargs (Orc:1)
  11 water moccasins
  An acid dragon (D:9)
  2 sky beasts
  30 orc warriors
  2 ice beasts
  2 black bears
  14 ogres
  36 wolves
  A phantom (D:6)
  4 centaurs
  2 lemures
  3 kobold brigands
  9 bullfrogs
  2 scorpions
  12 wights
  A killer bee (D:9)
  4 electric eels (D:10)
  6 howler monkeys
  A crimson imp (D:6)
  9 hounds
  4 jellies
  26 orc priests
  Crazy Yiuf (D:5)
  2 iguanas
  Terence (D:2)
  24 orc wizards
  3 spriggan simulacra (D:11)
  2 troll simulacra (D:11)
  3 gnolls
  A naga simulacrum (D:11)
  9 adders
  A shadow imp (D:7)
  2 white imps (D:6)
  2 ufetubi
  A worm (D:4)
  2 dart slugs
  87 orcs
  2 bats (D:2)
  7 endoplasms
  2 giant cockroaches
  10 hobgoblins
  17 kobolds
  3 quokkas
  5 ball pythons
  2 frilled lizards
  7 goblins
  8 rats
564 creatures vanquished.

Vanquished Creatures (others)
  Azrael (D:12)
  A hydra (D:12)
  2 two-headed ogres (D:12)
  2 orc high priests (Orc:2)
  2 death yaks (IceCv)
  Nergalle (Lair:1)
  A deep elf pyromancer (D:12)
  An ugly thing (D:12)
  2 cyclopes (D:12)
  2 black mambas (Lair:1)
  A cane toad (Lair:1)
  Psyche (D:8)
  2 trolls (D:12)
  5 polar bears (IceCv)
  2 slime creatures (D:12)
  5 blink frogs (Lair:1)
  A vampire (D:12)
  2 wyverns (Lair:1)
  A fire elemental (D:12)
  9 yaks (IceCv)
  A vampire mosquito (D:12)
  4 hell hounds (D:12)
  An orc warrior (Orc:2)
  A boggart (D:12)
  2 centaurs
  10 wolves (IceCv)
  2 bullfrogs (Lair:1)
  6 killer bees (D:8)
  4 howler monkeys
  3 orc priests (Orc:2)
  An orc wizard (Orc:1)
  A white imp (D:8)
  An orc (D:8)
  34 fungi
  38 plants
  8 starspawn tentacles
161 creatures vanquished.

Grand Total: 725 creatures vanquished

Notes
Turn   | Place    | Note
-------+----------+-------------------------------------------
     0 | Abyss:1  | xSliceyx the Formicid Abyssal Knight began the quest for
                  | the Orb.
     0 | Abyss:1  | Reached XP level 1. HP: 18/18 MP: 2/2
     1 | D:1      | Escaped the Abyss
   465 | D:1      | Reached XP level 2. HP: 24/24 MP: 3/3
   638 | D:1      | Found a faded altar of an unknown god.
  1237 | D:2      | Reached XP level 3. HP: 29/29 MP: 4/4
  1447 | D:2      | Reached *** piety under Lugonu
  1587 | D:2      | Noticed Terence
  2092 | D:2      | Reached XP level 4. HP: 35/35 MP: 5/5
  2158 | D:2      | Killed Terence
  2301 | D:3      | Reached skill level 5 in Armour
  2552 | D:3      | Reached XP level 5. HP: 25/41 MP: 6/6
  3296 | D:4      | Reached XP level 6. HP: 28/47 MP: 7/7
  3364 | D:4      | Noticed a black bear
  3647 | D:4      | Found a blossoming altar of Fedhas.
  3647 | D:4      | Found a shimmering altar of Xom.
  3718 | D:4      | Killed a black bear
  3956 | D:4      | Reached **** piety under Lugonu
  4053 | D:4      | Found Ziyrir's Antique Weapon Shoppe.
  4173 | D:5      | Entered Level 5 of the Dungeon
  4188 | D:5      | Found a runed translucent door.
  4189 | D:5      | Noticed Crazy Yiuf
  4231 | D:5      | Reached XP level 7. HP: 45/52 MP: 8/8
  4255 | D:5      | Noticed Menkaure
  4273 | D:5      | Killed Menkaure
  4546 | D:5      | Reached skill level 5 in Fighting
  5054 | D:6      | Reached XP level 8. HP: 49/64 MP: 9/9
  5091 | D:6      | Found a staircase to the Ecumenical Temple.
  5157 | D:6      | Noticed Pikel
  5261 | D:6      | Identified the +7 trident of Taig {vorpal, rF+ Dex+2 SInv}
  5341 | D:6      | Found Vuext's Assorted Antiques.
  5452 | D:6      | Killed Pikel
  5453 | D:6      | Reached skill level 5 in Invocations
  5453 | D:6      | Reached XP level 9. HP: 54/74 MP: 11/13
  5538 | D:5      | Killed Crazy Yiuf
  5703 | D:6      | Found a burning altar of Makhleb.
  5703 | D:6      | Found a radiant altar of Vehumet.
  5759 | D:6      | Noticed a hornet
  5763 | D:6      | Killed a hornet
  5810 | D:6      | Found a hide-covered altar of Uskayaw.
  6369 | D:6      | Bought a shiny bone wand for 140 gold pieces
  6621 | D:7      | Reached skill level 10 in Fighting
  6621 | D:7      | Reached XP level 10. HP: 80/85 MP: 16/16
  6639 | D:7      | You fall into a shaft and drop 2 floors!
  6792 | D:9      | Reached ***** piety under Lugonu
  6890 | D:9      | Reached skill level 10 in Invocations
  6929 | D:9      | Found a sparkling altar of Nemelex Xobeh.
  6962 | D:9      | Noticed a two-headed ogre
  6973 | D:9      | Killed a two-headed ogre
  7253 | D:8      | Noticed a brown ugly thing
  7266 | D:8      | Noticed Maggie
  7277 | D:8      | Killed Maggie
  7421 | D:7      | Found Abliogixt's Magic Scroll Emporium.
  7734 | D:6      | Bought a shiny gold wand for 140 gold pieces
  7927 | D:8      | Noticed Psyche
  7940 | D:8      | Corrupted D:8
  7940 | D:8      | Noticed a large abomination
  7940 | D:8      | Noticed a tentacled starspawn
  7940 | D:8      | Noticed a thrashing horror
  7940 | D:8      | Noticed a death knight
  7940 | D:8      | Noticed a green death
  7940 | D:8      | Noticed a large abomination
  7942 | D:8      | Killed Psyche
  7942 | D:8      | Noticed a smoke demon
  7988 | D:8      | Noticed a tentacled starspawn
  7991 | D:8      | Noticed a tentacled starspawn
  7994 | D:8      | Noticed a starcursed mass
  8026 | D:8      | Found a glowing golden altar of the Shining One.
  8094 | D:8      | Identified the ring of Xiera {rN+ rCorr}
  8144 | D:8      | Noticed Grum
  8215 | D:8      | Killed Grum
  8324 | D:8      | Reached XP level 11. HP: 91/95 MP: 19/19
  8532 | D:8      | Killed a brown ugly thing
  9098 | D:9      | Noticed Harold
  9115 | D:9      | Killed Harold
  9161 | D:9      | Noticed a tengu warrior
  9175 | D:9      | Killed a tengu warrior
  9514 | D:10     | Entered Level 10 of the Dungeon
  9577 | D:10     | Found a flagged portal.
  9603 | Bailey   | Entered a bailey
  9707 | Bailey   | Noticed an orc knight
  9913 | Bailey   | Banished an orc knight
 10037 | Bailey   | Identified the +9 great sword of Akaime {vorpal, rC- rN+
                  | Str+7}
 10039 | Bailey   | Identified the +1 pair of boots of Wisoejew {Drain rPois
                  | Dex+7 SInv}
 10444 | D:10     | Reached skill level 1 in Shields
 10524 | D:10     | Noticed Lodul
 10861 | D:10     | Banished Lodul
 10862 | D:10     | Reached skill level 5 in Shields
 10862 | D:10     | Reached XP level 12. HP: 99/105 MP: 16/21
 10863 | D:10     | Found a staircase to the Lair.
 11564 | D:10     | Reached skill level 1 in Long Blades
 11643 | D:11     | Found a frozen archway.
 11670 | IceCv    | Entered an ice cave
 11804 | IceCv    | Noticed a death yak
 11804 | IceCv    | Noticed a death yak
 11804 | IceCv    | Noticed a death yak
 11814 | IceCv    | Corrupted IceCv
 11815 | IceCv    | Noticed a tentacled starspawn
 11816 | IceCv    | Noticed a tentacled monstrosity
 11818 | IceCv    | Killed a death yak
 11819 | IceCv    | Noticed a white very ugly thing
 11819 | IceCv    | Noticed a starcursed mass
 11819 | IceCv    | Killed a death yak
 11820 | IceCv    | Killed a death yak
 11824 | IceCv    | Noticed a deep elf sorcerer
 11839 | IceCv    | Noticed a cacodemon
 11862 | IceCv    | Reached skill level 5 in Long Blades
 12262 | IceCv    | Noticed a death yak
 12262 | IceCv    | Noticed an ironbound frostheart
 12262 | IceCv    | Noticed an ironbound frostheart
 12307 | IceCv    | Killed a death yak
 12413 | IceCv    | Banished an ironbound frostheart
 12414 | IceCv    | Banished an ironbound frostheart
 12486 | IceCv    | Identified the +7 hand axe "Beastbane" {vamp, rElec}
 12811 | D:11     | Found a staircase to the Orcish Mines.
 12939 | D:11     | Reached XP level 13. HP: 94/113 MP: 22/22
 13065 | D:11     | Reached skill level 10 in Armour
 13568 | D:12     | Noticed Azrael
 13603 | D:12     | Corrupted D:12
 13603 | D:12     | Noticed a bone dragon
 13603 | D:12     | Noticed a starcursed mass
 13603 | D:12     | Noticed a ghost moth
 13603 | D:12     | Noticed a bone dragon
 13605 | D:12     | Noticed a reaper
 13608 | D:12     | Noticed a five-headed hydra
 13609 | D:12     | Noticed a tentacled starspawn
 13609 | D:12     | Killed a five-headed hydra
 13611 | D:12     | Killed Azrael
 13614 | D:12     | Noticed a ghost moth
 13654 | D:12     | Noticed a purple draconian shifter
 14003 | D:12     | Found the +4 skin of Zhor {*Englaciate rC+++ SInv}
 14678 | Lair:1   | Entered Level 1 of the Lair of Beasts
 14707 | Lair:1   | Noticed Nergalle
 14716 | Lair:1   | Corrupted Lair:1
 14716 | Lair:1   | Noticed a rakshasa
 14716 | Lair:1   | Noticed a tentacled starspawn
 14727 | Lair:1   | Killed Nergalle
 15663 | Lair:2   | Noticed a catoblepas
 15680 | Lair:2   | Killed a catoblepas
 16188 | Lair:2   | Found a hole to the Spider Nest.
 16956 | Lair:3   | Found an opulent altar of Gozag.
 16959 | Lair:3   | Noticed a six-headed hydra
 16973 | Lair:3   | Killed a one-headed hydra
 16974 | Lair:3   | Reached XP level 14. HP: 120/120 MP: 23/23
 17056 | Lair:3   | Found a staircase to the Shoals.
 17392 | Lair:3   | Reached skill level 10 in Long Blades
 17877 | Lair:4   | Found a radiant altar of Vehumet.
 18090 | Lair:4   | Noticed Sonja
 18098 | Lair:4   | Killed Sonja
 18164 | Lair:4   | Noticed Urug
 18186 | Lair:4   | Killed Urug
 18356 | Lair:4   | Found a viscous altar of Jiyva.
 18358 | Lair:4   | Found a staircase to the Slime Pits.
 18811 | Lair:5   | Entered Level 5 of the Lair of Beasts
 18912 | Lair:4   | Reached skill level 1 in Evocations
 19684 | Lair:5   | Reached skill level 5 in Evocations
 19940 | Lair:5   | Reached XP level 15. HP: 112/126 MP: 24/24
 20566 | D:7      | Bought a scroll of identify for 30 gold pieces
 20566 | D:7      | Bought a scroll of identify for 30 gold pieces
 20700 | Orc:1    | Entered Level 1 of the Orcish Mines
 20926 | Orc:2    | Entered Level 2 of the Orcish Mines
 21003 | Orc:2    | Found a staircase to the Elven Halls.
 21089 | Orc:2    | Found Geiph's Assorted Antiques.
 21105 | Orc:2    | Bought a scroll of identify for 44 gold pieces
 21348 | Orc:2    | Reached ****** piety under Lugonu
 21470 | Orc:2    | Found Fihurul's Antique Armour Shoppe.
 21470 | Orc:2    | Found Cod Uree's Magic Scroll Shoppe.
 21471 | Orc:2    | Found Low Hayd's Antique Armour Emporium.
 21474 | Orc:2    | Found Zagyh's Book Emporium.
 21483 | Orc:2    | Corrupted Orc:2
 21483 | Orc:2    | Noticed a cacodemon
 21997 | Orc:2    | Bought a scroll of identify for 24 gold pieces
 21997 | Orc:2    | Bought a scroll of fog for 48 gold pieces
 21997 | Orc:2    | Bought a scroll of identify for 24 gold pieces
 21997 | Orc:2    | Bought a scroll of poison for 48 gold pieces
 21998 | Orc:2    | Bought a slimy scale mail for 270 gold pieces
 21998 | Orc:2    | Identified the +2 scale mail of Midwinter {rN+ Regen+
                  | Str+3} (You bought it in a shop on level 2 of the Orcish
                  | Mines)
 22134 | Orc:2    | Bought a jewelled scimitar for 198 gold pieces
 22134 | Orc:2    | Identified the +10 scimitar of the Old World {vorpal, rF-
                  | rC+ Str+3 Int+3} (You bought it in a shop on level 2 of the
                  | Orcish Mines)
 22159 | Orc:1    | Noticed an orc warlord
 22168 | Orc:1    | Killed an orc warlord
 22881 | D:13     | Noticed Jorgrun
 22892 | D:13     | HP: 3/123 [Jorgrun/staff of earth (16)]
 22913 | D:13     | Killed from afar by Jorgrun

Illustrated notes

Levels and vault maps discovered:
D:1:      dpeg_arrival_snail, layout_loops_ring,
          hellmonk_ecumenical_altar_run_dry
D:2:      layout_basic, hangedman_decor_push, minmay_pentomino_p4, uniq_terence
D:3:      layout_loops_ring, zin_angel
D:4:      layout_cave_pods, gammafunk_temple_overflow_wave, serial_shops,
          nicolae_shop_behind_doors
D:5:      layout_rooms, uniq_menkaure, uniq_crazy_yiuf_cottage
D:6:      layout_layer_cave, grunt_temple_overflow_lords_of_destruction,
          mainiacjoe_overflow_alcove_4, minmay_temple_entry_offerings,
          serial_shops, nicolae_square_shop, uniq_pikel
D:7:      layout_rooms, serial_shops, nicolae_stop_n_shop_1
D:8:      nicolae_cairo_tiling_large, layout_cave_pools, tso_metal_star,
          minivault_10, eino_small_chamber_without_monster, uniq_maggie,
          uniq_grum, uniq_psyche
D:9:      layout_irregular_city, nemelex_xobeh_ov_fountains_minmay,
          kennysheep_generic_room_11, uniq_harold
D:10:     layout_long_grid, erik_lair_island, enter_bailey_4, uniq_lodul
D:11:     layout_irregular_city, orc_0_dummy,
          portal_ice_cave_entry_ice_simulacra, kennysheep_small_spiral
D:12:     minmay_bubble_buster, layout_stronghold, serial_column_ruins,
          column_ruins_grid_1, column_ruins_grid_1, column_ruins_open_medium,
          column_ruins_columns_corner, column_ruins_columns_straight,
          column_ruins_columns_corner, column_ruins_open_medium, chequers_jeans,
          hellmonk_guarded_unrand_zhor, uniq_azrael
D:13:     layout_basic, grunt_vaults_entry_fortified, drop_trap,
          serial_bayou_pond_b, nrook_pool_corridor, uniq_jorgrun, uniq_kirke
Lair:1:   layout_big_grid, uniq_nergalle
Lair:2:   beast_lair_carwin_large_3, layout_small_grid, spider_nest_entry_a,
          serial_bayou_shore_a
Lair:3:   layout_long_grid, minmay_shoals_entry_lonely_mermaid, basic_altar
Lair:4:   layout_regular_city, slime_entry_1, basic_altar, uniq_urug, uniq_sonja
Lair:5:   grunt_lair_end_beastmaster, layout_cave_pods
Orc:1:    layout_caves
Orc:2:    st_orc_mages, layout_caves, basic_altar, serial_shops, shop

Skill      XL: |  1  2  3  4  5  6  7  8  9 10 11 12 13 14 15 |
---------------+----------------------------------------------+-----
Armour         | 3 4 5 6 7 8 9 14 | 14.0
Fighting       | 5 8 10 11 14 | 14.1
Invocations    | 5 8 11 12 | 12.0
Polearms       | 4 |  4.0
Shields        | 5 |  5.0
Long Blades    | 8 9 13 14 | 14.1
Evocations     | 6 8 |  8.8
Dodging        | |  0.8

Action                   |  1- 3 |  4- 6 |  7- 9 | 10-12 | 13-15 || total
-------------------------+-------+-------+-------+-------+-------++-------
Melee: Spear             |   133 |     7 |       |       |       ||   140
       Punch             |     2 |     1 |     3 |     4 |       ||    10
       Falchion          |       |   140 |   142 |       |       ||   282
       Trident           |       |       |   124 |   297 |       ||   421
       Great sword       |       |       |       |   232 |   832 ||  1064
       Scimitar          |       |       |       |       |    12 ||    12
Throw: Dart              |       |       |       |     4 |       ||     4
Invok: Bend Space        |     1 |       |       |     2 |     3 ||     6
       Corrupt           |       |       |       |     2 |     3 ||     5
       Banish            |       |       |       |     4 |     1 ||     5
 Abil: Dig               |       |       |     2 |       |     1 ||     3
Evoke: Wand              |       |     2 |     6 |     8 |     5 ||    21
  Use: Scroll            |       |       |     4 |     6 |    15 ||    25
       Potion            |       |       |       |     2 |     9 ||    11
 Stab: Petrified         |       |       |       |       |     6 ||     6
       Petrifying        |       |       |       |       |     2 ||     2
Armor: Leather armour    |    12 |       |       |       |       ||    12
       Ring mail         |    13 |       |       |       |       ||    13
       Scale mail        |    11 |    88 |     3 |       |       ||   102
       Chain mail        |       |       |   247 |   357 |   378 ||   982
       Plate armour      |       |       |       |       |   170 ||   170
       Skin              |       |       |       |       |    11 ||    11
Dodge: Dodged            |    43 |   107 |   149 |   313 |   350 ||   962
Block: Buckler           |       |       |       |    72 |       ||    72
       Kite shield       |       |       |       |    28 |   650 ||   678
